Map: Pillars of Gold LE

Players

goblin - Winner!

  • Race: Protoss Protoss
  • League: Master
  • Spawn Location: 7:00

ArT

  • Race: Protoss Protoss
  • Spawn Location: 1:00

Event: DreamHack SC2 Masters 2020 Summer Europe

VOD

Have the link to the VOD?

Description

Time

  • Played on: July 3, 2020, 11:30 a.m.
  • Length: 5:23

All games in this series

Show
View Real Time Build Order
Export as new Build Order

goblin Protoss - Winner!

Build Orders: Oracle Opening 

Get SALT Encoding   

  12  0:00  Probe  
  13  0:12  Probe  
  14  0:18  Pylon  
  14  0:24  Probe  
  15  0:32  Probe  
  15  0:38  Gateway  
  15  0:40  Probe  
  16  0:47  Assimilator  
  17  0:51  Probe  
  17  0:56  Assimilator  
  18  1:00  Probe  
  19  1:08  Probe  
  19  1:09  Gateway  
  19  1:17  Probe  
  21  1:26  Cybernetics Core  
  21  1:30  Probe  
  22  1:38  Pylon  
  22  1:42  Probe  
  24  2:02  Adept  
  24  2:03  Adept  
  24  2:06  Stargate  
  24  2:08  Warp Gate  
  27  2:15  Pylon  
  27  2:18  Probe  
  28  2:35  Stalker x2  
  32  2:40  Oracle  
  35  2:54  Pylon  
  34  3:20  Robotics Facility  
  34  3:32  Nexus  
  34  3:38  Oracle  
  37  3:52  Shield Battery  
  37  4:00  Immortal, Stalker  
  41  4:17  Probe  
  41  4:23  Pylon  
  42  4:32  Immortal  
  42  4:34  Probe  
  45  4:49  Shield Battery  
  45  5:02  Pylon  
  45  5:03  Stalker  
  47  5:10  Shield Battery  
Show
View Real Time Build Order
Export as new Build Order

ArT Protoss 

Build Orders: Blink Stalkers 

Get SALT Encoding   

  12  0:00  Probe  
  13  0:12  Probe  
  14  0:17  Pylon  
  14  0:24  Probe  
  15  0:32  Probe  
  15  0:37  Gateway  
  15  0:40  Probe  
  16  0:47  Assimilator  
  17  0:51  Probe  
  17  0:56  Assimilator  
  18  0:59  Probe  
  19  1:07  Probe  
  19  1:14  Gateway  
  19  1:17  Probe  
  21  1:29  Cybernetics Core  
  21  1:32  Probe  
  22  1:41  Pylon  
  22  1:45  Probe  
  23  2:05  Stalker x2, Warp Gate  
  27  2:14  Twilight Council  
  27  2:23  Probe  
  28  2:31  Blink, Pylon  
  28  2:35  Stalker  
  30  2:54  Stalker  
  32  3:01  Shield Battery  
  32  3:11  Gateway  
  32  3:13  Stalker  
  34  3:28  Pylon  
  34  3:47  Robotics Facility  
  34  3:54  Stalker  
  34  3:55  Stalker  
  38  3:57  Shield Battery  
  38  4:07  Stalker  
  39  4:10  Pylon  
  39  4:26  Stalker x2  
  39  4:31  Stalker  
  45  4:44  Probe  
  43  4:50  Stalker x2  
  47  4:54  Stalker  
  49  5:04  Pylon  
  45  5:14  Stalker  
Tags
 
Add a new tag
Caveats
  • Supply blocks, unpowered buildings, or Contaminate may cause inaccurate times.
  • Supply counts are checked every 10 seconds.